[Event "FICS rated blitz game"]
[Site "FICS freechess.org"]
[FICSGamesDBGameNo "20001792"]
[White "acemi"]
[Black "Tasa"]
[WhiteElo "1322"]
[BlackElo "1316"]
[WhiteRD "na"]
[BlackRD "na"]
[TimeControl "300+12"]
[Date "1999.09.14"]
[Time "08:16:00"]
[WhiteClock "0:05:00.000"]
[BlackClock "0:05:00.000"]
[ECO "C00"]
[PlyCount "56"]
[Result "1-0"]

1. e4 e6 2. d4 c5 3. dxc5 Bxc5 4. Nf3 Nc6 5. Nc3 Qb6 6. Qd2 Nf6 7. Na4 Qb4 8. Nxc5 Qxc5 9. Bd3 O-O 10. O-O d5 11. Re1 dxe4 12. Bxe4 Rd8 13. Qe2 Nd4 14. Nxd4 Qxd4 15. Bd3 b6 16. Rb1 Bb7 17. Be3 Qh4 18. h3 Rd5 19. Bd2 Rad8 20. Bc3 Rg5 21. Bxf6 Rxg2+ 22. Kf1 Qxh3 23. Qe3 Qh1+ 24. Ke2 Qh6 25. Qxh6 gxh6 26. Rh1 Rd5 27. Rxh6 Rf5 28. Bxf5 exf5 {Black resigns} 1-0

[Event "FICS rated blitz game"]
[Site "FICS freechess.org"]
[FICSGamesDBGameNo "20001791"]
[White "Wright"]
[Black "selarosa"]
[WhiteElo "1225"]
[BlackElo "1341"]
[WhiteRD "na"]
[BlackRD "na"]
[TimeControl "180+0"]
[Date "1999.09.14"]
[Time "07:47:00"]
[WhiteClock "0:03:00.000"]
[BlackClock "0:03:00.000"]
[ECO "C40"]
[PlyCount "21"]
[Result "1-0"]

1. e4 e5 2. Nf3 d5 3. exd5 Qxd5 4. Nc3 Qc6 5. b3 Bg4 6. Be2 Nd7 7. Bb2 e4 8. Nd4 Bxe2 9. Qxe2 Qd5 10. Nxe4 O-O-O 11. Nf3 {Black resigns} 1-0

[Event "FICS rated blitz game"]
[Site "FICS freechess.org"]
[FICSGamesDBGameNo "20001790"]
[White "tseus"]
[Black "seva"]
[WhiteElo "1526"]
[BlackElo "1499"]
[WhiteRD "na"]
[BlackRD "na"]
[TimeControl "120+12"]
[Date "1999.09.14"]
[Time "07:08:00"]
[WhiteClock "0:02:00.000"]
[BlackClock "0:02:00.000"]
[ECO "C55"]
[PlyCount "61"]
[Result "1-0"]

1. e4 e5 2. Nf3 Nc6 3. Bc4 Nf6 4. d3 Be7 5. Nc3 O-O 6. O-O d6 7. h3 Be6 8. Nd5 Bxd5 9. Bxd5 Nxd5 10. exd5 Nd4 11. Nxd4 exd4 12. f4 Bf6 13. Qf3 Re8 14. Bd2 Qd7 15. Rae1 Rxe1 16. Rxe1 Re8 17. Re4 g6 18. Qe2 Rf8 19. c3 Qb5 20. Be1 Qxd5 21. c4 Qc6 22. a3 d5 23. cxd5 Qxd5 24. g4 h6 25. h4 c5 26. g5 hxg5 27. hxg5 Bg7 28. Kh2 f5 29. Re7 a6 30. Qg2 Qxg2+ 31. Kxg2 {Black forfeits on time} 1-0

[Event "FICS rated standard game"]
[Site "FICS freechess.org"]
[FICSGamesDBGameNo "20001789"]
[White "mnicklas"]
[Black "krajan"]
[WhiteElo "1365"]
[BlackElo "1278"]
[WhiteRD "na"]
[BlackRD "na"]
[TimeControl "1800+12"]
[Date "1999.09.13"]
[Time "20:51:00"]
[WhiteClock "0:30:00.000"]
[BlackClock "0:30:00.000"]
[ECO "A40"]
[PlyCount "54"]
[Result "0-1"]

1. d4 e6 2. c4 Bb4+ 3. Nc3 Bxc3+ 4. bxc3 Qh4 5. Nf3 Qe4 6. e3 d5 7. Bd3 Qg4 8. e4 Qxg2 9. Rg1 Qh3 10. Bf4 dxe4 11. Bxe4 Nc6 12. Rxg7 e5 13. dxe5 Bg4 14. Qd2 Bxf3 15. Qd3 Qe6 16. Bxf3 Nxe5 17. Qe2 Nxf3+ 18. Kf1 Rd8 19. Bxc7 Rd7 20. Ba5 Nxh2+ 21. Kg1 Qxe2 22. Rg3 Nf3+ 23. Kg2 Nf6 24. Rxf3 Rg8+ 25. Rg3 Qe4+ 26. Kf1 Rxg3 27. fxg3 Qh1+ {White resigns} 0-1

[Event "FICS rated standard game"]
[Site "FICS freechess.org"]
[FICSGamesDBGameNo "20001788"]
[White "Whitejoker"]
[Black "jedsaraiva"]
[WhiteElo "1276"]
[BlackElo "1485"]
[WhiteRD "na"]
[BlackRD "na"]
[TimeControl "600+10"]
[Date "1999.09.13"]
[Time "20:20:00"]
[WhiteClock "0:10:00.000"]
[BlackClock "0:10:00.000"]
[ECO "A46"]
[PlyCount "94"]
[Result "0-1"]

1. d4 Nf6 2. Nf3 e6 3. Nc3 c5 4. e3 cxd4 5. Qxd4 Nc6 6. Qd3 d5 7. a3 Be7 8. Bd2 O-O 9. O-O-O h6 10. h3 e5 11. Re1 e4 12. Nxe4 dxe4 13. Qxd8 Rxd8 14. Nh4 Nd5 15. f3 Bxh4 16. Re2 exf3 17. gxf3 Bf5 18. e4 Bxe4 19. Rxe4 Bf6 20. Bc4 Nd4 21. Rhe1 b5 22. Bxd5 Rxd5 23. R1e3 Rc8 24. c3 Nb3+ 25. Kc2 Nxd2 26. Re8+ Rxe8 27. Rxe8+ Kh7 28. Ra8 Rd7 29. b4 Nxf3 30. Kb3 Rd1 31. Rxa7 Nd2+ 32. Kc2 Rh1 33. Kxd2 Rxh3 34. Rxf7 Bxc3+ 35. Kc2 Be1 36. Rb7 Rxa3 37. Rxb5 Ra4 38. Kb3 Rxb4+ 39. Rxb4 Bxb4 40. Kxb4 Kg6 41. Kc4 Kf5 42. Kd4 Kf4 43. Kd5 g5 44. Ke6 h5 45. Kf6 h4 46. Kg6 h3 47. Kh5 h2 {White resigns} 0-1

[Event "FICS rated blitz game"]
[Site "FICS freechess.org"]
[FICSGamesDBGameNo "20001787"]
[White "shymcwu"]
[Black "LTHigham"]
[WhiteElo "1459"]
[BlackElo "1521"]
[WhiteRD "na"]
[BlackRD "na"]
[TimeControl "180+0"]
[Date "1999.09.13"]
[Time "20:11:00"]
[WhiteClock "0:03:00.000"]
[BlackClock "0:03:00.000"]
[ECO "D10"]
[PlyCount "89"]
[Result "1-0"]

1. d4 Nf6 2. c4 d5 3. e3 c6 4. cxd5 cxd5 5. Nd2 Nc6 6. a3 Bf5 7. Be2 e6 8. Ngf3 Bd6 9. O-O Qc7 10. g3 h5 11. Nh4 Bh7 12. Ndf3 g5 13. Ng2 Rg8 14. Nd2 h4 15. b4 h3 16. Ne1 Ne4 17. Bf3 f5 18. Nxe4 dxe4 19. Bh1 Qg7 20. f3 f4 21. exf4 gxf4 22. fxe4 fxg3 23. Qh5+ Kd8 24. Qh4+ Kc7 25. e5 gxh2+ 26. Kxh2 Nxe5 27. Bf4 Ng4+ 28. Kxh3 Bxf4 29. Rxf4 Bf5 30. Rc1+ Kb6 31. Rxf5 exf5 32. Qg3 Qh6+ 33. Kg2 Qxc1 34. Nf3 Ne3+ 35. Kf2 Qd2+ 36. Nxd2 f4 37. Qxf4 Raf8 38. Qxf8 Rxf8+ 39. Kxe3 Re8+ 40. Ne4 Rh8 41. d5 Rxh1 42. Nc3 Re1+ 43. Kd2 Re5 44. Kd3 Re8 45. Kd4 {Black forfeits on time} 1-0

[Event "FICS rated blitz game"]
[Site "FICS freechess.org"]
[FICSGamesDBGameNo "20001786"]
[White "sardiniak"]
[Black "radhat"]
[WhiteElo "1416"]
[BlackElo "1331"]
[WhiteRD "na"]
[BlackRD "na"]
[TimeControl "120+12"]
[Date "1999.09.13"]
[Time "20:07:00"]
[WhiteClock "0:02:00.000"]
[BlackClock "0:02:00.000"]
[ECO "B07"]
[PlyCount "52"]
[Result "0-1"]

1. e4 d6 2. Nf3 c6 3. d4 e6 4. Be2 Be7 5. O-O Nd7 6. c4 Nf8 7. Nc3 Ng6 8. d5 e5 9. dxc6 bxc6 10. Qa4 Qc7 11. Nd5 Qb7 12. Nxe7 N8xe7 13. Be3 O-O 14. Qc2 f5 15. Ng5 c5 16. Rad1 f4 17. Bc1 Qd7 18. Nf3 Qg4 19. h3 Qh5 20. Rxd6 Bxh3 21. gxh3 Qxh3 22. Nh2 Nh4 23. Bf3 Nxf3+ 24. Nxf3 Qxf3 25. Qd3 Qg4+ 26. Kh2 f3 {White forfeits on time} 0-1

[Event "FICS rated blitz game"]
[Site "FICS freechess.org"]
[FICSGamesDBGameNo "20001785"]
[White "tweeter"]
[Black "TallSteve"]
[WhiteElo "1265"]
[BlackElo "1354"]
[WhiteRD "na"]
[BlackRD "na"]
[TimeControl "120+10"]
[Date "1999.09.13"]
[Time "19:28:00"]
[WhiteClock "0:02:00.000"]
[BlackClock "0:02:00.000"]
[ECO "D06"]
[PlyCount "49"]
[Result "1-0"]

1. d4 d5 2. c4 Nf6 3. Nc3 h6 4. Qc2 g5 5. f3 Bg7 6. Bd2 Nc6 7. e3 Ng4 8. fxg4 Bxg4 9. Be2 Qd7 10. O-O-O O-O-O 11. h3 Bxe2 12. Ngxe2 dxc4 13. g4 Nb4 14. Qe4 Nd5 15. Rhf1 f6 16. Ng3 Nxc3 17. Bxc3 Rhe8 18. Nf5 Bf8 19. d5 e6 20. dxe6 Qxe6 21. Rxd8+ Kxd8 22. Rd1+ Bd6 23. Qxb7 Qc8 24. Bxf6+ Kd7 25. Rxd6# {Black checkmated} 1-0

[Event "FICS rated blitz game"]
[Site "FICS freechess.org"]
[FICSGamesDBGameNo "20001784"]
[White "dendro"]
[Black "stemo"]
[WhiteElo "1475"]
[BlackElo "1541"]
[WhiteRD "na"]
[BlackRD "na"]
[TimeControl "240+0"]
[Date "1999.09.13"]
[Time "19:23:00"]
[WhiteClock "0:04:00.000"]
[BlackClock "0:04:00.000"]
[ECO "B00"]
[PlyCount "105"]
[Result "1-0"]

1. e4 b6 2. Nf3 Bb7 3. Nc3 e6 4. d4 Bb4 5. a3 Bxc3+ 6. bxc3 Bxe4 7. Ba6 Nf6 8. Bd3 d5 9. Ng5 Bxd3 10. cxd3 h6 11. Nf3 O-O 12. Bf4 Nbd7 13. Qd2 Kh7 14. Ne5 Nxe5 15. dxe5 Nd7 16. d4 c5 17. h4 cxd4 18. cxd4 f6 19. g4 fxe5 20. dxe5 Nc5 21. Qc2+ g6 22. h5 Ne4 23. hxg6+ Kxg6 24. Rxh6+ Kf7 25. f3 Rc8 26. Qh2 Qe7 27. Rh7+ Ke8 28. Rxe7+ Kxe7 29. Qh4+ Kd7 30. Qh7+ Kc6 31. Be3 Kb5 32. Qd7+ Ka6 33. Rb1 Nc3 34. Rb3 Rh8 35. Qxe6 Rh1+ 36. Kf2 Ne4+ 37. Kg2 Nc5 38. Qxc8+ Ka5 39. Bxc5 Rd1 40. Bxb6+ Ka4 41. Rb4+ Kxa3 42. Qa6+ Kxb4 43. Qa5+ Kb3 44. Bc5 Rd2+ 45. Qxd2 Kc4 46. Qc2+ Kb5 47. e6 Kc6 48. e7 Kd7 49. Qa4+ Ke6 50. e8=Q+ Kf6 51. Qf4+ Kg7 52. Qef7+ Kh8 53. Qb8# {Black checkmated} 1-0

[Event "FICS rated blitz game"]
[Site "FICS freechess.org"]
[FICSGamesDBGameNo "20001782"]
[White "Bogardan"]
[Black "wolfandsam"]
[WhiteElo "1337"]
[BlackElo "1143"]
[WhiteRD "na"]
[BlackRD "na"]
[TimeControl "180+0"]
[Date "1999.09.13"]
[Time "15:32:00"]
[WhiteClock "0:03:00.000"]
[BlackClock "0:03:00.000"]
[ECO "C42"]
[PlyCount "45"]
[Result "1-0"]

1. e4 e5 2. Nf3 Nf6 3. Nc3 c5 4. d4 exd4 5. Nd5 Nxd5 6. exd5 Bd6 7. Qe2+ Qe7 8. Qxe7+ Bxe7 9. Bd3 O-O 10. O-O Bf6 11. Bf4 b6 12. Rfe1 Bb7 13. d6 Nc6 14. Be4 Rab8 15. Re2 Nb4 16. Bxb7 Rxb7 17. a3 d3 18. cxd3 Nxd3 19. Rd1 Nxf4 20. Red2 Re8 21. Ne1 h6 22. Nd3 Nxd3 23. Rxd3 {Black forfeits on time} 1-0

[Event "FICS rated lightning game"]
[Site "FICS freechess.org"]
[FICSGamesDBGameNo "20001781"]
[White "jtchezz"]
[Black "tomblue"]
[WhiteElo "1694"]
[BlackElo "1713"]
[WhiteRD "na"]
[BlackRD "na"]
[TimeControl "60+0"]
[Date "1999.09.13"]
[Time "15:32:00"]
[WhiteClock "0:01:00.000"]
[BlackClock "0:01:00.000"]
[ECO "A41"]
[PlyCount "71"]
[Result "1-0"]

1. d4 g6 2. Nf3 Bg7 3. g3 d6 4. Bg2 Nd7 5. c3 e5 6. O-O Ne7 7. dxe5 dxe5 8. Bg5 O-O 9. Bxe7 Qxe7 10. Nbd2 c6 11. e4 Nf6 12. Nb3 Nxe4 13. Re1 Nc5 14. Nxc5 Qxc5 15. Qb3 b6 16. Rad1 Be6 17. Qc2 Bf5 18. Qb3 Rad8 19. Rxd8 Rxd8 20. Ng5 Qe7 21. h4 h6 22. Ne4 Be6 23. Qc2 f5 24. Nd2 e4 25. Nb3 Qd6 26. Bf1 a5 27. Nd4 Bd5 28. Qe2 c5 29. Nc2 Qc6 30. Ne3 Bxa2 31. Rd1 Bb3 32. Rxd8+ Kh7 33. Rd2 Qa4 34. Nd5 Qa1 35. Ne3 a4 36. Kg2 {Black forfeits on time} 1-0

[Event "FICS rated blitz game"]
[Site "FICS freechess.org"]
[FICSGamesDBGameNo "20001779"]
[White "stada"]
[Black "Apotheosis"]
[WhiteElo "1586"]
[BlackElo "1864"]
[WhiteRD "na"]
[BlackRD "na"]
[TimeControl "180+0"]
[Date "1999.09.13"]
[Time "15:30:00"]
[WhiteClock "0:03:00.000"]
[BlackClock "0:03:00.000"]
[ECO "E57"]
[PlyCount "61"]
[Result "1-0"]

1. d4 Nf6 2. c4 e6 3. Nc3 Bb4 4. e3 d5 5. Bd3 O-O 6. Nf3 c5 7. O-O Nc6 8. a3 dxc4 9. Bxc4 cxd4 10. exd4 Be7 11. Bf4 a6 12. Qd2 b5 13. Ba2 Bb7 14. Rad1 Na5 15. Rfe1 Rc8 16. Ne5 Nd5 17. Nxd5 Bxd5 18. Bb1 Nc4 19. Qd3 g6 20. Bh6 Re8 21. h4 Bxh4 22. Qh3 Bf6 23. Ng4 Bh8 24. f4 Nxb2 25. Bg5 f6 26. Nh6+ Kf8 27. Bh4 Bg7 28. Bg3 f5 29. Bh4 Qb6 30. Bg5 Na4 31. Bxf5 {Black forfeits on time} 1-0

[Event "FICS rated blitz game"]
[Site "FICS freechess.org"]
[FICSGamesDBGameNo "20001778"]
[White "vass"]
[Black "aanders"]
[WhiteElo "1667"]
[BlackElo "1613"]
[WhiteRD "na"]
[BlackRD "na"]
[TimeControl "300+0"]
[Date "1999.09.13"]
[Time "15:14:00"]
[WhiteClock "0:05:00.000"]
[BlackClock "0:05:00.000"]
[ECO "A57"]
[PlyCount "76"]
[Result "1/2-1/2"]

1. d4 Nf6 2. c4 c5 3. d5 b5 4. a4 bxc4 5. Nc3 g6 6. e4 Bg7 7. Bxc4 d6 8. f4 O-O 9. Nf3 Ba6 10. Nd2 Qc8 11. O-O Nbd7 12. Qe2 Bxc4 13. Nxc4 Nb6 14. Na5 e6 15. dxe6 fxe6 16. f5 exf5 17. exf5 d5 18. fxg6 hxg6 19. Bg5 Re8 20. Qf3 Rf8 21. Bxf6 Bxf6 22. Qg3 Kg7 23. Rae1 Qd7 24. Nb3 Nxa4 25. Nxa4 Qxa4 26. Nxc5 Bd4+ 27. Kh1 Bxc5 28. Qc7+ Kh6 29. Qxc5 Rxf1+ 30. Rxf1 Qe4 31. Qc1+ Kg7 32. h3 Re8 33. Qc7+ Re7 34. Qc1 d4 35. Qb1 Qxb1 36. Rxb1 d3 37. Rc1 Rd7 38. Rd1 d2 {Game drawn because both players ran out of time} 1/2-1/2

[Event "FICS rated lightning game"]
[Site "FICS freechess.org"]
[FICSGamesDBGameNo "20001776"]
[White "Alcides"]
[Black "molina"]
[WhiteElo "1620"]
[BlackElo "1686"]
[WhiteRD "na"]
[BlackRD "na"]
[TimeControl "60+0"]
[Date "1999.09.13"]
[Time "14:48:00"]
[WhiteClock "0:01:00.000"]
[BlackClock "0:01:00.000"]
[ECO "C01"]
[PlyCount "68"]
[Result "0-1"]

1. e4 e6 2. Nf3 d5 3. exd5 exd5 4. d4 Nf6 5. Bd3 Bd6 6. h3 O-O 7. O-O c5 8. dxc5 Bxc5 9. Bg5 Qb6 10. Bxf6 Qxf6 11. Nc3 Be6 12. Re1 Nc6 13. Qd2 Rad8 14. a3 Rfe8 15. b4 Bb6 16. Re2 d4 17. Ne4 Qe7 18. Neg5 h6 19. Nxe6 fxe6 20. Rae1 e5 21. Bc4+ Kh8 22. Nxe5 Nxe5 23. Rxe5 Qxe5 24. Rxe5 Rxe5 25. a4 a6 26. a5 Ba7 27. c3 d3 28. Bb3 Re2 29. Qd1 Bxf2+ 30. Kf1 Ba7 31. Bc4 Rf2+ 32. Ke1 Rdf8 33. Bxd3 Re8+ 34. Be2 Rexe2+ {White forfeits on time} 0-1

[Event "FICS rated blitz game"]
[Site "FICS freechess.org"]
[FICSGamesDBGameNo "20001775"]
[White "bukarest"]
[Black "bral"]
[WhiteElo "1599"]
[BlackElo "2093"]
[WhiteRD "na"]
[BlackRD "na"]
[TimeControl "180+0"]
[Date "1999.09.13"]
[Time "12:19:00"]
[WhiteClock "0:03:00.000"]
[BlackClock "0:03:00.000"]
[ECO "B21"]
[PlyCount "137"]
[Result "0-1"]

1. e4 c5 2. f4 d6 3. Nf3 Nc6 4. Be2 g6 5. O-O Bg7 6. h3 Nf6 7. Nc3 O-O 8. d3 Rb8 9. Be3 b5 10. Rb1 b4 11. Nd5 Nxd5 12. exd5 Nd4 13. Bxd4 cxd4 14. Ng5 h6 15. Nf3 Qa5 16. Ra1 Qxd5 17. b3 Bb7 18. Rf2 Rfc8 19. Nd2 Qc5 20. Rc1 Rc7 21. Nc4 Rbc8 22. Bf3 Bxf3 23. Qxf3 d5 24. Ne5 Qd6 25. Ng4 f5 26. Nh2 Rc3 27. g4 e6 28. gxf5 gxf5 29. Rg2 Kh8 30. Qg3 Qe7 31. Nf3 Rxd3 32. cxd3 Rxc1+ 33. Kh2 Rc8 34. Nh4 Qf7 35. Ng6+ Kh7 36. Nh4 Rg8 37. Qf2 Bf6 38. Rxg8 Qxg8 39. Nf3 Qg7 40. Qg3 Qxg3+ 41. Kxg3 Kg6 42. Kg2 Kf7 43. h4 Ke7 44. h5 Kd6 45. Kf2 e5 46. fxe5+ Bxe5 47. Ke2 Bf6 48. Kd2 Ke6 49. Ke2 f4 50. Kd2 Kf5 51. Ke2 Kg4 52. Kf2 Kxh5 53. Nd2 Kg4 54. Nf1 h5 55. Nh2+ Kf5 56. Nf3 h4 57. Ne1 Kg4 58. Nc2 a5 59. a3 h3 60. axb4 axb4 61. Nxb4 h2 62. Kg2 Bh4 63. Kxh2 f3 64. Kg1 Kf4 65. Nxd5+ Ke5 66. Nb4 f2+ 67. Kf1 Kf4 68. Nc2 Ke5 69. Nxd4 {White forfeits on time} 0-1

[Event "FICS rated blitz game"]
[Site "FICS freechess.org"]
[FICSGamesDBGameNo "20001774"]
[White "fester"]
[Black "Kogan"]
[WhiteElo "1887"]
[BlackElo "1896"]
[WhiteRD "na"]
[BlackRD "na"]
[TimeControl "180+0"]
[Date "1999.09.13"]
[Time "12:18:00"]
[WhiteClock "0:03:00.000"]
[BlackClock "0:03:00.000"]
[ECO "E67"]
[PlyCount "107"]
[Result "1-0"]

1. Nf3 Nf6 2. d4 g6 3. g3 Bg7 4. Bg2 O-O 5. O-O d6 6. c4 Nbd7 7. Nc3 Qe8 8. Bg5 a6 9. e4 e5 10. d5 Nh5 11. Ne1 f5 12. exf5 gxf5 13. Bf3 Ndf6 14. Bxf6 Nxf6 15. Bg2 Nh5 16. f4 exf4 17. gxf4 Qe3+ 18. Kh1 Nxf4 19. Nc2 Nxg2 20. Nxe3 Nxe3 21. Qf3 Nxf1 22. Rxf1 Bd7 23. Rg1 Rf7 24. Ne2 Kh8 25. b3 Re8 26. Nf4 Re4 27. Qh5 Rf6 28. Ng6+ Kg8 29. Nh4 Be8 30. Qg5 Bg6 31. Nf3 Rf8 32. h4 Bf6 33. Qh6 Bg7 34. Qg5 Rg4 35. Rxg4 fxg4 36. Qxg4 Bf5 37. Qf4 Bg6 38. Qg4 Kh8 39. Ng5 Bf5 40. Qh5 Bg6 41. Qg4 Be5 42. Ne6 Bf5 43. Qg5 Bxe6 44. dxe6 Bf6 45. Qf5 Kg7 46. h5 Re8 47. h6+ Kxh6 48. Qxf6+ Kh5 49. Qf7+ Kg5 50. Qxe8 Kf4 51. e7 Ke3 52. Qf8 Kd3 53. e8=Q Kc3 54. Qf4 {Black resigns} 1-0

[Event "FICS rated blitz game"]
[Site "FICS freechess.org"]
[FICSGamesDBGameNo "20001773"]
[White "Noxin"]
[Black "dudo"]
[WhiteElo "1561"]
[BlackElo "1603"]
[WhiteRD "na"]
[BlackRD "na"]
[TimeControl "180+0"]
[Date "1999.09.13"]
[Time "11:38:00"]
[WhiteClock "0:03:00.000"]
[BlackClock "0:03:00.000"]
[ECO "E90"]
[PlyCount "76"]
[Result "0-1"]

1. c4 Nf6 2. Nf3 g6 3. Nc3 Bg7 4. e4 d6 5. d4 c5 6. d5 O-O 7. Bd3 e6 8. O-O Na6 9. a3 Re8 10. Nd2 Bd7 11. f4 Nc7 12. Nf3 h6 13. e5 dxe5 14. fxe5 Nh7 15. d6 Na6 16. Be4 Rb8 17. Be3 b5 18. Qd2 b4 19. axb4 cxb4 20. Rxa6 bxc3 21. Qxc3 Qc8 22. Rxa7 Bc6 23. Bxc6 Qxc6 24. Rc7 Qe4 25. Bf2 Ng5 26. Nxg5 hxg5 27. Re1 Qf5 28. b4 Red8 29. c5 Rb5 30. Bg3 Rdb8 31. Rf1 Qe4 32. Rcxf7 Rxb4 33. d7 Rd8 34. c6 Rc4 35. Qf3 Qxf3 36. R1xf3 Rxc6 37. Kf2 Rc7 38. Rd3 Rcxd7 {White forfeits on time} 0-1

[Event "FICS rated blitz game"]
[Site "FICS freechess.org"]
[FICSGamesDBGameNo "20001772"]
[White "cincinnato"]
[Black "Roughgear"]
[WhiteElo "1217"]
[BlackElo "1164"]
[WhiteRD "na"]
[BlackRD "na"]
[TimeControl "120+12"]
[Date "1999.09.13"]
[Time "08:09:00"]
[WhiteClock "0:02:00.000"]
[BlackClock "0:02:00.000"]
[ECO "A52"]
[PlyCount "42"]
[Result "1-0"]

1. d4 Nf6 2. c4 e5 3. dxe5 Ng4 4. Bf4 Bc5 5. e3 d6 6. h3 Nxf2 7. Kxf2 Qh4+ 8. g3 Qe7 9. Nf3 Nc6 10. Nc3 Nxe5 11. Nd5 Qd7 12. Bxe5 dxe5 13. Nxe5 Qf5+ 14. Nf3 Bd6 15. c5 Be5 16. Rb1 c6 17. Qd3 Qxd3 18. Bxd3 f6 19. Nxe5 fxe5 20. Nc7+ Kf7 21. Nxa8 Be6 {Black resigns} 1-0

[Event "FICS rated blitz game"]
[Site "FICS freechess.org"]
[FICSGamesDBGameNo "20001771"]
[White "BarnesPond"]
[Black "CleverPlayer"]
[WhiteElo "1764"]
[BlackElo "1854"]
[WhiteRD "na"]
[BlackRD "na"]
[TimeControl "180+0"]
[Date "1999.09.13"]
[Time "07:06:00"]
[WhiteClock "0:03:00.000"]
[BlackClock "0:03:00.000"]
[ECO "D35"]
[PlyCount "107"]
[Result "1-0"]

1. d4 Nf6 2. c4 e6 3. Nc3 d5 4. Nf3 Nbd7 5. cxd5 exd5 6. Bg5 c6 7. e3 Bd6 8. Bd3 O-O 9. O-O Qc7 10. Qc2 h6 11. Bh4 Re8 12. Rac1 a6 13. a3 Qd8 14. b4 Nf8 15. Rb1 Bg4 16. Nd2 Rc8 17. Rfc1 Bh5 18. Nf1 Bg6 19. a4 Be7 20. Qe2 Bxd3 21. Qxd3 Ng6 22. Bg3 Bd6 23. Bxd6 Qxd6 24. b5 axb5 25. axb5 Ne4 26. bxc6 Nxc3 27. Rxc3 Rxc6 28. Rxc6 bxc6 29. Rc1 Ne7 30. Nd2 Rc8 31. Qa6 Qc7 32. Nf3 Ng6 33. Nd2 Ne7 34. Nb3 Nf5 35. Nc5 Nd6 36. Rb1 Nb5 37. Qb7 Qxb7 38. Nxb7 Rc7 39. Nc5 Ra7 40. g3 Kf8 41. Kg2 Ke7 42. Kf3 Kd6 43. Rc1 Ra2 44. Nd3 f6 45. Nb4 Ra4 46. Nxc6 Rc4 47. Rxc4 dxc4 48. Nb4 c3 49. Nc2 Kd5 50. Ke2 Kc4 51. Kd1 Kb3 52. Kc1 Nd6 53. Na1+ Kb4 54. Nc2+ {Black forfeits on time} 1-0

[Event "FICS rated lightning game"]
[Site "FICS freechess.org"]
[FICSGamesDBGameNo "20001770"]
[White "ebern"]
[Black "pawntunes"]
[WhiteElo "1277"]
[BlackElo "1683"]
[WhiteRD "na"]
[BlackRD "na"]
[TimeControl "120+1"]
[Date "1999.09.13"]
[Time "04:25:00"]
[WhiteClock "0:02:00.000"]
[BlackClock "0:02:00.000"]
[ECO "B30"]
[PlyCount "44"]
[Result "0-1"]

1. e4 c5 2. Nf3 Nc6 3. Bc4 e6 4. d3 d5 5. Bb3 Be7 6. Be3 d4 7. Bf4 Nf6 8. O-O O-O 9. Na3 a6 10. Nc4 b5 11. Ncd2 Bb7 12. Qe1 Nh5 13. Be5 Nxe5 14. h3 Nxf3+ 15. Nxf3 Nf4 16. c3 dxc3 17. bxc3 Nxd3 18. Qe3 c4 19. Bc2 Rc8 20. Ne5 Nxe5 21. f4 Nd3 22. f5 Bc5 {White resigns} 0-1

[Event "FICS rated lightning game"]
[Site "FICS freechess.org"]
[FICSGamesDBGameNo "20001769"]
[White "VanDeLaar"]
[Black "TurboRose"]
[WhiteElo "1886"]
[BlackElo "1413"]
[WhiteRD "na"]
[BlackRD "na"]
[TimeControl "60+0"]
[Date "1999.09.13"]
[Time "03:42:00"]
[WhiteClock "0:01:00.000"]
[BlackClock "0:01:00.000"]
[ECO "E83"]
[PlyCount "47"]
[Result "1-0"]

1. d4 d6 2. c4 Nf6 3. Nc3 g6 4. e4 Bg7 5. f3 O-O 6. Nge2 Nc6 7. Be3 a6 8. Qd2 Na7 9. g4 b5 10. Ng3 bxc4 11. Bxc4 Bb7 12. h4 Rb8 13. h5 e5 14. d5 Kh8 15. Bxa7 Ra8 16. Be3 Bc8 17. hxg6 fxg6 18. Bh6 Bxg4 19. Bxg7+ Kxg7 20. fxg4 Nxg4 21. O-O-O Rf2 22. Qd3 Rb8 23. Nh5+ gxh5 24. Rxh5 {Black forfeits on time} 1-0

[Event "FICS rated lightning game"]
[Site "FICS freechess.org"]
[FICSGamesDBGameNo "20001768"]
[White "Datrebil"]
[Black "ifn"]
[WhiteElo "1814"]
[BlackElo "1706"]
[WhiteRD "na"]
[BlackRD "na"]
[TimeControl "60+0"]
[Date "1999.09.13"]
[Time "02:45:00"]
[WhiteClock "0:01:00.000"]
[BlackClock "0:01:00.000"]
[ECO "B30"]
[PlyCount "87"]
[Result "1-0"]

1. e4 c5 2. Nf3 Nc6 3. d3 d6 4. g3 e5 5. Bg2 g6 6. Nbd2 Bg7 7. O-O f5 8. exf5 Bxf5 9. Nc4 Nge7 10. Ne3 O-O 11. Nxf5 Nxf5 12. Bg5 Qd7 13. Rc1 h6 14. Be3 Kh7 15. Qd2 Rf7 16. g4 Nfd4 17. Bxd4 Nxd4 18. Nxd4 cxd4 19. Be4 Raf8 20. f3 Qe7 21. Bd5 Rf6 22. Rfe1 Qd7 23. Qe2 h5 24. h3 hxg4 25. hxg4 g5 26. Qh2+ Rh6 27. Qe2 Bf6 28. Kg2 Kg7 29. Rh1 Rfh8 30. Rxh6 Rxh6 31. Rh1 Rxh1 32. Kxh1 Qe7 33. Kg2 Qf8 34. Be4 Qh8 35. Qf2 Qh5 36. Bxb7 Qh4 37. Be4 Qxf2+ 38. Kxf2 Kf7 39. Kg2 Ke6 40. Kf2 d5 41. Bf5+ Kd6 42. c3 dxc3 43. bxc3 d4 44. c4 {Black forfeits on time} 1-0

[Event "FICS rated blitz game"]
[Site "FICS freechess.org"]
[FICSGamesDBGameNo "20001767"]
[White "mandevil"]
[Black "OliB"]
[WhiteElo "1860"]
[BlackElo "1528"]
[WhiteRD "na"]
[BlackRD "na"]
[TimeControl "180+0"]
[Date "1999.09.13"]
[Time "00:52:00"]
[WhiteClock "0:03:00.000"]
[BlackClock "0:03:00.000"]
[ECO "C21"]
[PlyCount "73"]
[Result "1-0"]

1. e4 e5 2. d4 f5 3. dxe5 fxe4 4. Nc3 Nc6 5. Nxe4 Qe7 6. f4 d6 7. Nf3 dxe5 8. fxe5 Nxe5 9. Nxe5 Qxe5 10. Bd3 Bf5 11. O-O O-O-O 12. Bf4 Qd4+ 13. Nf2 Bxd3 14. Qxd3 Qxf4 15. Qb3 Nf6 16. Nd3 Qd4+ 17. Kh1 Bd6 18. Rad1 Qb6 19. Qf7 Rd7 20. Qe6 Re8 21. Qf5 Kb8 22. b3 Rde7 23. c4 Re2 24. Qg5 Qe3 25. Qxg7 Be7 26. Nb4 Bxb4 27. Rd7 Bd6 28. Rf7 b6 29. R7xf6 Qe5 30. Qxh7 Re7 31. Rf8+ Kb7 32. Qh3 Re8 33. Qf3+ Kb8 34. Rxe8+ Qxe8 35. h3 Qh8 36. Qg4 Rxg2 37. Qf3 {Black forfeits on time} 1-0

[Event "FICS rated blitz game"]
[Site "FICS freechess.org"]
[FICSGamesDBGameNo "20001766"]
[White "mikee"]
[Black "lamplight"]
[WhiteElo "1269"]
[BlackElo "1260"]
[WhiteRD "na"]
[BlackRD "na"]
[TimeControl "300+0"]
[Date "1999.09.12"]
[Time "21:45:00"]
[WhiteClock "0:05:00.000"]
[BlackClock "0:05:00.000"]
[ECO "A00"]
[PlyCount "93"]
[Result "1-0"]

1. g3 e6 2. Bg2 d5 3. c4 c6 4. cxd5 cxd5 5. Qb3 Nc6 6. Nf3 Nf6 7. O-O Bc5 8. d3 Qb6 9. Qxb6 Bxb6 10. Bg5 Bd7 11. Bxf6 gxf6 12. Nbd2 Rg8 13. a3 Ne5 14. Nxe5 fxe5 15. Nf3 Bc7 16. Rac1 Rc8 17. Nd2 Ke7 18. Nb3 Bb6 19. Rc3 Bc6 20. Rfc1 h5 21. Nc5 Bxc5 22. Rxc5 h4 23. b4 a6 24. a4 Kd7 25. b5 axb5 26. axb5 Bxb5 27. Rxc8 Rxc8 28. Rxc8 Kxc8 29. g4 Ba4 30. e3 b5 31. Bf1 b4 32. d4 Bc2 33. Bb5 exd4 34. exd4 b3 35. Ba4 Kb7 36. Kf1 Kb6 37. Ke2 Ka5 38. Bxb3 Bxb3 39. f3 Bc2 40. h3 Bg6 41. Ke3 Kb4 42. Kf4 Kc4 43. Ke5 Kd3 44. f4 Ke3 45. f5 exf5 46. gxf5 Bh5 47. f6 {Black forfeits on time} 1-0